 Dungeon Crawl Stone Soup version 0.29-a0-1047-g7c58e119a4 (webtiles) character file.

Game seed: 2760940759256213148

76 nickcage the Poker (level 4, -5/33 HPs)
             Began as a Merfolk Gladiator on Aug 16, 2022.
             Slain by an orc
             ... wielding a +0 flail
              (6 damage)
             ... on level 3 of the Dungeon.
             The game lasted 00:03:06 (1776 turns).

nickcage the Poker (Merfolk Gladiator)              Turns: 1776, Time: 00:03:07

Health: -5/33      AC:  7    Str: 16    XL:     4   Next: 32%
Magic:  4/4        EV: 13    Int:  7    God:
Gold:   122        SH:  0    Dex: 15    Spells: 3/3 levels left

rFire   . . .      SeeInvis .   a - +0 trident
rCold   . . .      Faith    .   (no shield)
rNeg    . . .      Spirit   .   b - +0 leather armour
rPois   .          Reflect  .   c - +0 helmet
rElec   .          Harm     .   k - +1 cloak
rCorr   .          Rampage  .   (no gloves)
Will    .....                   n - +0 pair of boots
Stlth   +.........              (no amulet)
HPRegen 0.11/turn               (no ring)
MPRegen 0.09/turn               (no ring)

@: no status effects
A: (nimble swimmer 2), mertail
a: no special abilities


You were on level 3 of the Dungeon.
You visited 1 branch of the dungeon, and saw 3 of its levels.

You collected 122 gold pieces.

Inventory:

Hand Weapons
 a - a +0 trident (weapon)
Missiles
 d - 3 throwing nets
 e - a javelin
 f - 4 poisoned darts
 h - 2 silver javelins
 o - 2 boomerangs (quivered)
Armour
 b - a +0 leather armour (worn)
 c - a +0 helmet (worn)
 k - a +1 cloak (worn)
 n - a +0 pair of boots (worn)
Scrolls
 m - a scroll of vulnerability {unknown}
Potions
 g - a potion of heal wounds {unknown}
 i - 2 potions of brilliance {unknown}
 j - 2 potions of lignification {unknown}
 l - a potion of mutation {unknown}


   Skills:
 - Level 2.1 Fighting
 + Level 6.6 Polearms
 - Level 2.0 Throwing
 - Level 4.0 Dodging


You had 3 spell levels left.
You didn't know any spells.
Your spell library was empty.

Dungeon Overview and Level Annotations

Branches:
Dungeon (3/15)

Altars:


Innate Abilities, Weirdness & Mutations

((You are very nimble when in or above water. (Stealth+, EV+, Speed+++)))
Your lower body shifts to a powerful aquatic tail in water.


Message History

An orc comes into view.
It is wielding a +0 trident. 2 orcs come into view.
The orc shouts! x2
The orc hits you but does no damage.
You reach to attack!
You hit the orc.
The orc is lightly wounded.
An orc comes into view. It is wielding a +0 dagger.
The orc hits you from afar with a +0 trident.
You reach to attack!
You hit the orc but do no damage.
The orc is lightly wounded.
The orc hits you from afar with a +0 trident!
You hit the orc but do no damage. The orc closely misses you.
The orc hits you from afar with a +0 trident.
You closely miss the orc. The orc completely misses you. The orc misses you.
You hit the orc but do no damage. The orc misses you.
The orc closely misses you. x2
You closely miss the orc. The orc barely misses you.
The orc hits you but does no damage. x2; The orc barely misses you.
You hit the orc.
The orc is lightly wounded.
The orc hits you but does no damage. The orc closely misses you.
The orc hits you with a +0 flail. The orc closely misses you.
You barely miss the orc.
The orc is lightly wounded.
The orc misses you. The orc barely misses you.
The orc hits you but does no damage. x2
You puncture the orc!
You kill the orc!
The orc hits you with a +0 hand axe. The orc hits you but does no damage.
The orc hits you from afar with a +0 trident!
* * * LOW HITPOINT WARNING * * *
You are too injured to fight recklessly!
You are too injured to fight recklessly!
The orc attacks as you move away! The orc misses you.
The orc attacks as you move away! The orc hits you with a +0 hand axe.
* * * LOW HITPOINT WARNING * * *
You hit the orc but do no damage. The orc hits you with a +0 hand axe.
* * * LOW HITPOINT WARNING * * *
You closely miss the orc. The orc hits you with a +0 flail.
You die...

.. ....... .# #.
#.....# .... ###. ##..
..## .... .(.##..#
#..##....#
#.....###.....#..###
#...#..#...........
#..........#.##..#
#.....#.#....o.#.....#
###..
#.##...@.o....#### ...
#.###.##o#........ ###
#.###.##.#):######
#...#.##.#..#
###.#........
#.#####.##.#.#...#
#......# .>....#.
#......# #.##..##
#..#....# .#


You could see 3 orcs.

Vanquished Creatures
  2 adders (D:2)
  A worm (D:2)
  2 dart slugs
  An orc (D:3)
  A ball python (D:3)
  7 bats
  9 endoplasms
  A giant cockroach (D:1)
  6 hobgoblins
  2 quokkas (D:1)
  3 frilled lizards (D:1)
  A goblin (D:2)
  5 kobolds
  3 rats
44 creatures vanquished.

Notes
Turn   | Place    | Note
-------+----------+-------------------------------------------
     0 | D:1      | nickcage the Merfolk Gladiator began the quest for the Orb.
     0 | D:1      | Reached XP level 1. HP: 16/16 MP: 1/1
   176 | D:1      | Reached XP level 2. HP: 22/22 MP: 2/2
   336 | D:1      | Reached skill level 5 in Polearms
   585 | D:1      | Reached XP level 3. HP: 18/27 MP: 3/3
  1034 | D:2      | Reached skill level 6 in Polearms
  1130 | D:2      | Reached XP level 4. HP: 33/33 MP: 4/4
  1716 | D:3      | Found a faded altar of an unknown god.
  1775 | D:3      | HP: 1/33 [orc/+0 hand axe (3)]
  1776 | D:3      | Slain by an orc

Illustrated notes

Levels and vault maps discovered:
D:1:      dpeg_arrival_tiny_e, layout_basic
D:2:      layout_rooms, amcnicky_mini_rare_corridor_liquid,
          grunt_decor_resistance
D:3:      layout_loops_ring, dk_yredelemnul_ordeal,
          nicolae_dithmenos_shadow_blocks, nicolae_ecumenical_oubliette,
          nicolae_hexahallways, hangedman_decor_slide_cut

Skill      XL: |  1  2  3 |
---------------+----------+-----
Polearms       | 5 6 |  6.6
Fighting       | |  2.1
Throwing       | |  2.0
Dodging        | |  4.0

Action                   |  1- 3 |  4- 6 || total
-------------------------+-------+-------++-------
Melee: Trident           |    84 |    39 ||   123
       Punch             |     2 |     1 ||     3
 Stab: Sleeping          |     5 |       ||     5
Armor: Leather armour    |    13 |    18 ||    31
Dodge: Dodged            |    36 |    28 ||    64

Table legend: (Time is in decaauts)
 A = Elapsed time spent in this place.
 B = Non-inter-level travel time spent in this place.
 C = Inter-level travel time spent in this place.
 D = Time resting spent in this place.
 E = Time spent auto-exploring this place.
 F = Levels seen in this place.
 G = Mean time per level.
                   A        B        C        D        E       F      G
               +--------+--------+--------+--------+--------+-----+--------+
         Total |   1777 |   1743 |     34 |    283 |   1171 |   3 |  592.3 |
       Dungeon |   1777 |   1743 |     34 |    283 |   1171 |   3 |  592.3 |
               +--------+--------+--------+--------+--------+-----+--------+

Top non-repeatable levels by time:
     D:1: 958 daAuts
     D:2: 741 daAuts
     D:3: 77 daAuts
